 Dungeon Crawl Stone Soup version 0.18-a0-2-g0e512fa (webtiles) character file.

35177 Ordine the Carver (level 13, -1/93 HPs)
             Began as an Octopode Fighter on Oct 31, 2015.
             Was an Elder of Dithmenos.
             Slain by a komodo dragon (29 damage)
             ... on level 7 of the Lair of Beasts.
             The game lasted 01:04:17 (29232 turns).

Ordine the Carver (Octopode Fighter)               Turns: 29232, Time: 01:04:17

Health: -1/93      AC:  4    Str: 15    XL:     13   Next: 82%
Magic:  13/13      EV: 19    Int: 12    God:    Dithmenos [****..]
Gold:   525        SH: 13    Dex: 17    Spells: 1 memorised, 11 levels left

rFire  . . .     SeeInvis +     F - +3 long sword (elec)
rCold  + . .     Clarity  .     b - +1 shield
rNeg   . . .     SustAt   .     (helmet restricted)
rPois  +         Gourm    .     C - amulet of resist mutation
rElec  .         Spirit   .     i - ring of protection from cold
rCorr  .         Warding  .     x - +3 ring of protection
rMut   +         Stasis   .     y - ring of see invisible
MR     .....                    u - ring of poison resistance
Stlth  ++++......               (no ring)
                                (no ring)
                                (no ring)
                                (no ring)

@: wreathed by umbra, not resistant to hostile enchantments, stealthy
A: almost no armour, amphibious, 8 rings, constrict 8, camouflage 1, clever 1,
sense surroundings 1, spit poison 1, gelatinous body 1
a: Spit Poison, Shadow Step, Renounce Religion


You were on level 7 of the Lair of Beasts.
You worshipped Dithmenos.
Dithmenos was greatly pleased with you.
You were hungry.

You visited 3 branches of the dungeon, and saw 18 of its levels.

You collected 1301 gold pieces.
You spent 776 gold pieces at shops.

Inventory:

Hand Weapons
 t - a +0 blowgun
 F - a +3 long sword of electrocution (weapon)
 G - the +5 dagger of Jyl Ilaj {pierce, *Noise Str+8 SInv}
   (You bought it in a shop on level 7 of the Dungeon)

   It inflicts extra damage upon your enemies.
   It affects your strength (+8).
   It lets you see invisible.
   It may make noises in combat.
Missiles
 s - 54 poisoned needles
 v - 4 javelins (quivered)
 H - 2 throwing nets
Armour
 b - a +1 shield (worn)
Jewellery
 e - an uncursed amulet of stasis
 i - a ring of protection from cold (left tentacle)
 u - a ring of poison resistance (on tentacle)
 x - a +3 ring of protection (right tentacle)
 y - a ring of see invisible (on tentacle)
 C - an amulet of resist mutation (around mantle)
Wands
 l - a wand of disintegration (10)
 w - a wand of cold (10)
 I - a wand of digging (18)
Scrolls
 a - 3 scrolls of amnesia
 f - a scroll of holy word
 h - 10 scrolls of remove curse
 j - 5 scrolls of enchant weapon
 k - 2 scrolls of blinking
 o - a scroll of teleportation
 q - 4 scrolls of enchant armour
 r - 3 scrolls of recharging
 E - 3 scrolls of magic mapping
 N - a scroll of fear
Potions
 c - 3 potions of might
 g - 4 potions of flight
 m - a potion of invisibility
 n - 4 potions of resistance
 z - 9 potions of curing
 B - a potion of agility
 J - a potion of berserk rage
 K - a potion of heal wounds
 M - a potion of haste
 O - a potion of cure mutation
Miscellaneous
 A - a phial of floods
 D - a box of beasts
 L - a legendary deck of summoning {Water}
Comestibles
 d - 16 bread rations
 p - 9 meat rations
 P - 5 chunks of flesh


   Skills:
 - Level 10.7 Fighting
 - Level 14.0 Long Blades
 + Level 6.8 Throwing
 - Level 10.2 Dodging
 - Level 10.6 Shields


You had 11 spell levels left.
You knew the following spells:

 Your Spells              Type           Power        Failure   Level  Hunger
a - Apportation           Tloc           #.........   61%         1    ##.....


Dungeon Overview and Level Annotations

Branches:
Dungeon (9/15)             Temple (1/1) D:7            Lair (8/8) D:8
  Swamp (0/4) Lair:4       Spider (0/4) Lair:3        Slime (0/6) Lair:6
    Orc (0/4) D:9

Altars:
Ashenzari
Cheibriados
Dithmenos
Elyvilon
Fedhas
Gozag
Kikubaaqudgha
Makhleb
Nemelex Xobeh
Okawaru
Qazlal
Ru
Sif Muna
Trog
Vehumet
Xom
Yredelemnul
Zin
The Shining One
Jiyva

Shops:
D:6 =   D:7 (

Annotations:
D:9 sgop
Lair:8 1 exclusion


Innate Abilities, Weirdness & Mutations

You cannot wear most types of armour.
You are amphibious.
You can wear up to eight rings at the same time.
You can use your tentacles to constrict eight enemies at once.
Your skin changes colour to match your surroundings (Stealth).
Your rubbery body absorbs attacks (AC +1).
Your mind is acute. (Int +2)
You passively map a small area around you.
You can spit weak poison.


Message History

The yak gores the plant!
The spiny frog stings the plant.
You block the water moccasin's attack. The water moccasin misses you.
The water moccasin completely misses you.
The water moccasin barely misses you.
A death yak comes into view.
The water moccasin bites you but does no damage.
The water moccasin misses you.
There is a stone staircase leading up here.
The komodo dragon bites you!! You block the water moccasin's attack.
You climb upwards.
There is a stone staircase leading down here.
Wield which item (- for none, * to show all)? (? for menu, Esc to quit)
You hear the crackle of electricity.
F - a +3 long sword of electrocution (weapon)
You block the komodo dragon's attack. The water moccasin misses you.
You hit the komodo dragon. You squeeze the komodo dragon.
The komodo dragon is lightly wounded.
The komodo dragon bites you!!
You die...

### ##.####
###########..##.#
#...##.#P##.##.###
#....##..........##
#.....#...........# ###
#.....#.l.).......#
#.######....#...@........#
#.#.##..P........S......##
............#...........#
............#......PPP..#
...........####.###PPP#P#
............##### #...###
.............#### #####
...............P##
................P#


You could see a komodo dragon and a water moccasin.

Vanquished Creatures
  The ghost of septik the Bludgeoner, a journeyman MiBe of Trog (Lair:6)
  3 hydras
  The ghost of timbw the Grappler, a novice VSFi of Okawaru (Lair:3)
  The ghost of timbw the Grappler, a novice VSFi of Okawaru (Lair:1)
  4 black mambas
  7 elephants
  20 spiny frogs
  The ghost of Clownie the Covert, a novice OpAs of Ashenzari (D:5)
  2 fire drakes (Lair:2)
  10 komodo dragons
  4 blink frogs
  A jumping spider (Lair:3)
  2 redbacks (Lair:3)
  A spriggan (D:7)
  Sigmund (D:5)
  A wyvern (Lair:2)
  18 yaks
  2 basilisks
  A trapdoor spider (shapeshifter) (D:8)
  18 hippogriffs
  A steam dragon (Lair:5)
  A hungry ghost (D:7)
  A warg (Lair:8)
  12 wolves
  3 ice beasts
  A spider (Lair:3)
  9 water moccasins
  4 sky beasts
  11 porcupines
  2 phantoms
  2 black bears (Lair:8)
  9 orc warriors
  8 centaurs
  5 ogres
  A brain worm (Lair:7)
  11 crocodiles
  Blork the orc (D:5)
  4 big kobolds
  14 giant frogs
  3 scorpions
  4 electric eels
  2 quasits
  5 wights (D:9)
  A centaur skeleton (D:7)
  11 orc priests
  3 giant frog skeletons
  9 hounds
  Crazy Yiuf (D:3)
  2 jellies
  7 orc wizards
  11 iguanas
  5 worker ants
  6 sheep (Lair:4)
  A hound zombie (D:9)
  A hound skeleton (D:6)
  A worker ant zombie (D:8)
  3 gnolls (D:4)
  7 adders
  47 river rats
  3 shadow imps
  3 adder skeletons
  3 worms
  7 giant geckos
  41 orcs
  11 bats
  5 giant cockroaches
  5 goblins
  7 hobgoblins
  10 jackals
  10 quokkas
  2 ball pythons
  9 giant newts
  A jackal skeleton (D:4)
  33 kobolds
  3 quokka skeletons
  10 rats
  3 fungi
  A plant (Lair:8)
496 creatures vanquished.

Vanquished Creatures (others)
  7 fungi
  9 plants
16 creatures vanquished.

Grand Total: 512 creatures vanquished

Notes
Turn   | Place    | Note
--------------------------------------------------------------
     0 | D:1      | Ordine the Octopode Fighter began the quest for the Orb.
     0 | D:1      | Reached XP level 1. HP: 16/16 MP: 1/1
   258 | D:1      | Reached XP level 2. HP: 21/21 MP: 2/2
   933 | D:2      | Reached XP level 3. HP: 23/26 MP: 3/3
  1958 | D:3      | Found an ancient bone altar of Kikubaaqudgha.
  1958 | D:3      | Found a blossoming altar of Fedhas.
  2171 | D:3      | Reached XP level 4. HP: 28/32 MP: 4/4
  2359 | D:3      | Noticed Crazy Yiuf
  2376 | D:3      | Killed Crazy Yiuf
  2376 | D:3      | Reached skill level 4 in Long Blades
  2836 | D:3      | Reached XP level 5. HP: 37/37 MP: 5/5
  3437 | D:4      | Reached skill level 5 in Long Blades
  3491 | D:4      | Reached XP level 6. HP: 44/44 MP: 6/6
  3944 | D:4      | Noticed an ogre
  3948 | D:4      | Killed an ogre
  3951 | D:4      | Reached skill level 5 in Fighting
  3954 | D:4      | Reached XP level 7. HP: 14/50 MP: 7/7
  4457 | D:5      | Entered Level 5 of the Dungeon
  4739 | D:5      | Reached skill level 6 in Long Blades
  4768 | D:5      | Noticed Clownie's ghost (novice OpAs)
  4799 | D:4      | HP: 1/50 [ice beast (4)]
  5791 | D:5      | Killed Clownie's ghost
  5791 | D:5      | Reached skill level 7 in Long Blades
  5791 | D:5      | Reached XP level 8. HP: 46/57 MP: 8/8
  5824 | D:5      | Noticed Sigmund
  5829 | D:5      | Killed Sigmund
  5829 | D:5      | Reached skill level 8 in Long Blades
  5882 | D:5      | Found an opulent altar of Gozag.
  6363 | D:5      | Noticed Blork the orc
  6398 | D:5      | Killed Blork the orc
  6651 | D:5      | Found a sacrificial altar of Ru.
  6785 | D:5      | Reached skill level 9 in Long Blades
  7108 | D:6      | Found a shattered altar of Ashenzari.
  7239 | D:6      | Reached XP level 9. HP: 60/64 MP: 9/9
  7756 | D:6      | Found a glowing silver altar of Zin.
  7871 | D:6      | Found Ciopeala's Jewellery Shoppe.
  7876 | D:6      | Bought a +3 ring of protection for 273 gold pieces
  8002 | D:7      | Reached skill level 10 in Long Blades
  8027 | D:7      | Gained mutation: You can spit weak poison. [potion of beneficial mutation]
  8028 | D:7      | Gained mutation: Your mind is acute. (Int +2) [potion of beneficial mutation]
  8029 | D:7      | Gained mutation: You passively map a small area around you. [potion of beneficial mutation]
  8709 | D:7      | Reached skill level 11 in Long Blades
  8859 | D:7      | Found a staircase to the Ecumenical Temple.
  8865 | Temple   | Entered the Ecumenical Temple
  9258 | D:7      | Found Jiraib's Antique Weapon Shop.
  9565 | D:8      | Reached XP level 10. HP: 73/73 MP: 10/10
  9665 | D:8      | Found a glowing golden altar of the Shining One.
  9916 | D:8      | Found a staircase to the Lair.
 10134 | D:8      | Learned a level 1 spell: Apportation
 10860 | D:8      | Found a stormy altar of Qazlal.
 11290 | D:6      | Bought an uncursed ring of poison resistance for 260 gold pieces
 11475 | D:9      | Reached skill level 12 in Long Blades
 13431 | D:8      | HP: 1/75 [iguana (9)]
 13885 | D:9      | Found a staircase to the Orcish Mines.
 14109 | D:9      | Reached skill level 13 in Long Blades
 14216 | D:9      | Reached XP level 11. HP: 56/81 MP: 11/11
 14327 | D:9      | Found an iron altar of Okawaru.
 14367 | D:9      | Found a shadowy altar of Dithmenos.
 14375 | D:9      | Became a worshipper of Dithmenos the Shadowed
 14417 | D:9      | Reached skill level 10 in Fighting
 14472 | D:9      | Found a burning altar of Makhleb.
 14672 | D:6      | Bought a cursed amulet of inaccuracy for 26 gold pieces
 14809 | Lair:1   | Entered Level 1 of the Lair of Beasts
 14985 | Lair:1   | Noticed timbw's ghost (novice VSFi)
 15011 | Lair:1   | Killed timbw's ghost
 16417 | Lair:1   | Reached skill level 14 in Long Blades
 18057 | Lair:2   | Reached skill level 5 in Shields
 18106 | Lair:2   | Reached * piety under Dithmenos
 18822 | Lair:2   | Reached skill level 5 in Dodging
 18822 | Lair:2   | Reached XP level 12. HP: 57/89 MP: 12/12
 20234 | Lair:3   | Noticed timbw's ghost (novice VSFi)
 20248 | Lair:3   | Killed timbw's ghost
 20492 | Lair:3   | Reached ** piety under Dithmenos
 20815 | Lair:3   | Found a hole to the Spider Nest.
 21824 | Lair:3   | Noticed a four-headed hydra
 22067 | D:7      | Bought a fine dagger for 217 gold pieces
 22067 | D:7      | Identified the +5 dagger of Jyl Ilaj {pierce, *Noise Str+8 SInv} (You bought it in a shop on level 7 of the Dungeon)
 23270 | Lair:4   | Reached skill level 10 in Shields
 23580 | Lair:4   | Reached *** piety under Dithmenos
 23903 | Lair:4   | Noticed a six-headed hydra
 23999 | Lair:4   | Killed a six-headed hydra
 23999 | Lair:4   | Reached XP level 13. HP: 75/93 MP: 13/13
 24229 | Lair:4   | Found a staircase to the Swamp.
 25188 | Lair:3   | Killed a four-headed hydra
 26044 | Lair:6   | Noticed septik's ghost (journeyman MiBe)
 26378 | Lair:6   | Killed septik's ghost
 26640 | Lair:6   | Found a shimmering altar of Xom.
 26768 | Lair:6   | Reached skill level 10 in Dodging
 27041 | Lair:6   | Found a viscous altar of Jiyva.
 27043 | Lair:6   | Found a staircase to the Slime Pits.
 27086 | Lair:6   | Reached skill level 1 in Throwing
 28479 | Lair:7   | Reached skill level 5 in Throwing
 28874 | Lair:8   | Entered Level 8 of the Lair of Beasts
 28983 | Lair:8   | Reached **** piety under Dithmenos
 29232 | Lair:7   | Slain by a komodo dragon

Vault maps used:
D:1:      lightli_arrival_statue_moat
D:3:      grunt_temple_overflow_growth_and_decay, uniq_crazy_yiuf_cottage
D:4:      kennysheep_spiral_hall, minivault_1
D:5:      kennysheep_little_box, grunt_gozag_breadcrumbs, first_bread,
          grunt_decor_mini_mirrors, uniq_blork_the_orc, uniq_sigmund
D:6:      zin_treasury, ashenzari_altar_1, serial_shops, shop
D:7:      minmay_temple_entry_fiery, serial_shops, shop, the_bakery
D:8:      kennysheep_mini_moat, nicolae_tso_carved_into_rock,
          due_lair_maze_entry_diamond, serial_bayou, serial_bayou_pond_b,
          serial_bayou_shore_b, serial_bayou_lagoon_a
D:9:      lightli_temple_of_fire, okawaru_trees_2, grunt_dithmenos_shadows,
          erik_orc_2
Temple:   minmay_temple_bridge_b_8
Lair:2:   grunt_megastairs_5
Lair:3:   spider_nest_entry_funnel_web
Lair:4:   minmay_swamp_entry_reptiles, beast_lair_carwin_11
Lair:5:   infiniplex_staircase_pool_2, grunt_megastairs_3
Lair:6:   slime_altar_1, basic_altar
Lair:8:   hangedman_lair_caniforms_friends, guppyfry_lair_end_dragon

Action                   |  1- 3 |  4- 6 |  7- 9 | 10-12 | 13-15 || total
-------------------------+-------+-------+-------+-------+-------++-------
Melee: Long sword        |    74 |    69 |   254 |   708 |   346 ||  1451
       Scimitar          |       |       |    23 |   114 |       ||   137
       Dagger            |       |       |       |     3 |    11 ||    14
 Fire: Blowgun           |       |       |       |     2 |     6 ||     8
Throw: Javelin           |       |       |       |       |     6 ||     6
Evoke: Wand              |       |       |     3 |       |       ||     3
  Use: Scroll            |     6 |     4 |     8 |    15 |     4 ||    37
       Potion            |       |     2 |     6 |     7 |     2 ||    17
 Stab: Sleeping          |     6 |     7 |     6 |    16 |    12 ||    47
       Distracted        |       |       |     1 |     3 |     2 ||     6
  Eat: Chunk             |     4 |     5 |    18 |    38 |    14 ||    79
       Royal jelly       |       |       |       |     1 |       ||     1
       Fruit             |       |       |       |     1 |       ||     1
       Beef jerky        |       |       |       |     2 |     2 ||     4
       Pizza             |       |       |       |     1 |     1 ||     2
